 Dungeon Crawl Stone Soup version 0.32-a0-975-g85d4e5bfdb (webtiles) character file.

Game seed: 10773795397544485598

2043 DrKenneth the Blocker (level 9, -3/78 (81) HPs)
             Began as a Minotaur Fighter on Apr 18, 2024.
             Was an Initiate of Makhleb.
             Slain by a wight
             ... wielding a +0 mace
              (7 damage)
             ... on level 7 of the Dungeon on Apr 19, 2024.
             The game lasted 00:20:02 (6026 turns).

DrKenneth the Blocker (Minotaur Fighter)            Turns: 6026, Time: 00:20:03

HP:   -3/78 (81)    AC: 10    Str: 26    XL:     9   Next: 4%
MP:   8/8           EV:  9    Int:  5    God:    Makhleb [......]
Gold: 236           SH:  5    Dex:  9    Spells: 8/8 levels left

rFire   . . .        a - +0 war axe
rCold   . . .        c - +0 buckler
rNeg    . . .        b - +0 scale mail
rPois   .            (helmet restricted)
rElec   .            k - +0 cloak
rCorr   .            (no gloves)
SInv    .            l - +0 pair of boots
Will    .....        (no amulet) Stlth
                     (no ring)
HPRegen 0.33/turn    (no ring)
MPRegen 0.11/turn

%: no passive effects
@: lightly drained
A: horns 2, retaliatory headbutt
a: Renounce Religion


You were on level 7 of the Dungeon.
You worshipped Makhleb.
Makhleb was noncommittal.
You visited 2 branches of the dungeon, and saw 8 of its levels.
You also visited: Sewer and Ossuary.

You collected 236 gold pieces.

Inventory:

Hand Weapons
 a - a +0 war axe (weapon)
 x - a +3 morningstar
Armour
 b - a +0 scale mail (worn)
 c - a +0 buckler (worn)
 k - a +0 cloak (worn)
 l - a +0 pair of boots (worn)
Jewellery
 f - a ring of poison resistance
 i - a ring of protection from cold
 w - a ring of magical power
 D - a ring of flight
 J - a ring of fire
Wands
 y - a wand of flame (8)
 I - a wand of charming (6)
 K - a wand of quicksilver (5)
Scrolls
 g - 3 scrolls of teleportation
 j - 6 scrolls of identify
 m - a scroll of immolation {unknown}
 n - 3 scrolls of amnesia
 p - a scroll of torment {unknown}
 q - 2 scrolls of enchant weapon {unknown}
 t - a scroll of fog {unknown}
 v - a scroll of poison {unknown}
 A - a scroll of revelation {unknown}
 B - 2 scrolls of noise
 C - 2 scrolls of fear {unknown}
Potions
 d - 2 potions of might
 e - 4 potions of curing
 h - 2 potions of degeneration {unknown}
 o - 2 potions of enlightenment {unknown}
 r - 2 potions of attraction {unknown}
 s - 4 potions of heal wounds {unknown}
 u - a potion of magic {unknown}
 z - a potion of resistance {unknown}
 E - a potion of brilliance {unknown}
 F - a potion of experience {unknown}
 G - a potion of cancellation {unknown}
 H - a potion of haste {unknown}


   Skills:
 + Level 8.0 Fighting
 + Level 7.5 Axes
 + Level 8.0 Armour
 + Level 8.0 Shields


You had 8 spell levels left.
You didn't know any spells.
Your spell library contained the following spells:

 Spells                   Type           Power      Damage    Failure   Level
 Kiss of Death            Conj/Necr      0%         2d5       77%         1
 Shock                    Conj/Air       0%         1d3       77%         1
 Ensorcelled Hibernation  Hex/Ice        0%         N/A       88%         2
 Confusing Touch          Hex            0%         N/A       98%         3
 Frozen Ramparts          Ice            0%         1d1       98%         3
 Fugue of the Fallen      Necr           0%         N/A       98%         3
 Ozocubu's Armour         Ice            0%         N/A       98%         3
 Swiftness                Air            0%         N/A       98%         3
 Airstrike                Air            0%         2d(0-16)  100%        4
 Anguish                  Hex/Necr       0%         N/A       100%        4
 Dispel Undead            Necr           0%         3d6       100%        4
 Metabolic Englaciation   Hex/Ice        0%         N/A       100%        5


Dungeon Overview and Level Annotations

Branches:
Dungeon (7/15)             Temple (1/1) D:6           Sewer (visited)
Ossuary (visited)

Altars:
Ashenzari
Elyvilon
Fedhas
Gozag
Hepliaklqana
Kikubaaqudgha
Nemelex Xobeh
Okawaru
Sif Muna
Uskayaw
Vehumet
Wu Jian
Xom
Yredelemnul
The Shining One

Shops:
D:3 *   D:4 [   D:6 :

Annotations:
D:7 Pikel


Innate Abilities, Weirdness & Mutations

You have a pair of horns on your head.
You reflexively headbutt those who attack you in melee.


Message History

The wight closely misses you. x2; The lemure hits you but does no damage.
Pikel misses you.
Your life force feels restored.
Your Fighting skill increases to level 8!
Your Armour skill increases to level 8!
Your Shields skill increases to level 8!
You closely miss Pikel. You headbutt Pikel.
Pikel is almost dead.
You hit the wight but do no damage. You hit the lemure.
You block the wight's attack.
The wight hits you from afar with a +0 spear.
* * * LOW HITPOINT WARNING * * *
You block the wight's attack. Pikel completely misses you. The lemure hits you.
* * * LOW HITPOINT WARNING * * *
You barely miss Pikel.
Pikel is severely wounded.
You slash the lemure!
You kill the lemure!
That felt strangely unrewarding.
You closely miss the wight.
The wight hits you from afar with a +3 spear of freezing!
* * * LOW HITPOINT WARNING * * *
You feel drained.
* * * LOW HITPOINT WARNING * * *
The wight freezes you.
* * * LOW HITPOINT WARNING * * *
The wight hits you with a +0 mace.
* * * LOW HITPOINT WARNING * * *
You feel drained.
* * * LOW HITPOINT WARNING * * *
The wight misses you. Pikel closely misses you. You furiously retaliate!
You headbutt Pikel. You barely miss Pikel.
Pikel is almost dead.
You hit the wight.
The wight hits you from afar with a +3 spear of freezing.
* * * LOW HITPOINT WARNING * * *
The wight freezes you.
* * * LOW HITPOINT WARNING * * *
Pikel completely misses you. The wight hits you with a +0 mace!
You die...

####......
#........#
#........# ........
###.......#
#......# #..
##....zz###..##
#....).........# .
#....@z.....##..###
. #.##K......##
#...###. ..
...<..^..# ##...#..
. #.....##..#
##......# #.....#
#..##........
#......
............
#......
.#####......
........ #.....#
#....<#


You could see Pikel and 3 wights.

Vanquished Creatures
  Sigmund (D:5)
  3 ice beasts
  2 black bears (D:6)
  4 lemures (D:7)
  2 kobold brigands (Sewer)
  A weeping skull (Ossuary)
  2 water moccasin zombies (Ossuary)
  2 scorpions (D:5)
  2 wights (D:7)
  3 howler monkeys
  2 hounds (D:6)
  2 jellies (D:5)
  A quasit (Sewer)
  An orc priest (D:5)
  A sleepcap (D:5)
  2 iguanas (D:5)
  2 orc wizards
  A crocodile zombie (Ossuary)
  A bullfrog simulacrum (Ossuary)
  2 mummies (Ossuary)
  4 gnolls (D:4)
  8 adders
  A river rat (D:6)
  6 shadow imps (Sewer)
  9 ufetubi
  5 adder zombies
  7 ribbon worms
  17 orcs
  10 ball pythons
  4 endoplasms (D:1)
  4 giant cockroaches
  8 gnoll zombies (Ossuary)
  8 goblins
  5 hobgoblins
  4 jackals (D:2)
  2 quokkas
  14 bats
  5 frilled lizards
  A giant cockroach zombie (Sewer)
  A goblin zombie (D:4)
  3 jackal zombies (Ossuary)
  22 kobolds
  A kobold zombie (Sewer)
  5 orc zombies (Ossuary)
  14 rats
205 creatures vanquished.

Notes
Turn   | Place    | Note
-------+----------+-------------------------------------------
     0 | D:1      | DrKenneth the Minotaur Fighter began the quest for the Orb.
     0 | D:1      | Reached XP level 1. HP: 19/19 MP: 0/0
    81 | D:1      | Found a faded altar of an unknown god.
   115 | D:1      | Reached XP level 2. HP: 27/27 MP: 1/1
   551 | D:1      | Reached XP level 3. HP: 33/33 MP: 2/2
  1076 | D:2      | Found a radiant altar of Vehumet.
  1166 | D:2      | Reached XP level 4. HP: 41/41 MP: 3/3
  1920 | D:3      | You fall into a shaft and drop 2 floors!
  1920 | D:5      | Entered Level 5 of the Dungeon
  1969 | D:5      | Reached XP level 5. HP: 18/47 MP: 4/4
  2139 | D:4      | Found a sand-covered staircase.
  2159 | Ossuary  | Entered an ossuary
  2187 | Ossuary  | Reached skill level 5 in Fighting
  2187 | Ossuary  | Reached skill level 5 in Armour
  2187 | Ossuary  | Reached skill level 5 in Shields
  2231 | Ossuary  | Reached XP level 6. HP: 54/56 MP: 5/5
  2369 | D:3      | Found an opulent altar of Gozag.
  2369 | D:3      | Found Gozag's Platinum Reserve.
  3256 | D:4      | Reached skill level 5 in Axes
  3334 | D:4      | Reached XP level 7. HP: 53/62 MP: 6/6
  3457 | D:4      | Found Uschal's Antique Armour Shoppe.
  3462 | D:4      | Upgraded the game from 0.32-a0-961-gd60f5e5fc7 to
                  | 0.32-a0-975-g85d4e5bfdb
  3855 | D:5      | Found a basalt altar of Yredelemnul.
  3927 | D:5      | Noticed Sigmund
  3929 | D:5      | Found a glowing golden altar of the Shining One.
  3946 | D:5      | Killed Sigmund
  4198 | D:5      | Reached XP level 8. HP: 50/71 MP: 7/7
  4849 | D:6      | Found a glowing drain.
  4854 | Sewer    | Entered a sewer
  5048 | Sewer    | Found a burning altar of Makhleb.
  5077 | Sewer    | Became a worshipper of Makhleb the Destroyer
  5279 | D:6      | Found a staircase to the Ecumenical Temple.
  5360 | Temple   | Entered the Ecumenical Temple
  5742 | D:6      | Found Zesaotev's Vocational Training.
  6005 | D:7      | Noticed Pikel
  6019 | D:7      | Reached XP level 9. HP: 48/81 MP: 8/8
  6026 | D:7      | Slain by a wight

Illustrated notes

Levels and vault maps discovered:
D:1:      onia_arrival_handbag, layout_basic, ebering_ecumenical_altar_abandoned
D:2:      layout_basic, basic_altar, grunt_ministairs_12
D:3:      layout_basic, nicolae_gozag_zags_fifth_avenue, roderic_batcave,
          saegor_snake_ambush
D:4:      layout_cave_pools, serial_shops, kennysheep_little_box,
          enter_ossuary_3
D:5:      layout_basic, mainiacjoe_overflow_tiny_flanked,
          nicolae_tso_carved_into_rock, uniq_sigmund
D:6:      layout_basic, minmay_temple_entry_mini_moons,
          lightli_sewer_entry_pipes, nicolae_shop_vocational
D:7:      layout_cave_pools, nicolae_dithmenos_the_darkroom,
          makhleb_altar_promises_db, zin_academy, uniq_pikel
Temple:   bh_familiar_temple

Skill      XL: |  1  2  3  4  5  6  7  8  9 |
---------------+----------------------------+-----
Fighting       | 4 5 6 7 8 |  8.0
Armour         | 4 5 6 7 8 |  8.0
Shields        | 4 5 6 7 8 |  8.0
Axes           | 3 4 5 6 7 |  7.5

Action                     |  1- 3 |  4- 6 |  7- 9 || total
---------------------------+-------+-------+-------++-------
  Melee: War axe           |    68 |   208 |   235 ||   511
         Headbutt          |    11 |    26 |    35 ||    72
    Use: Scroll            |       |       |     4 ||     4
 Armour: Scale mail        |    41 |   200 |   233 ||   474
  Dodge: Dodged            |    26 |   106 |   132 ||   264
  Block: Buckler           |    15 |    55 |    64 ||   134

Table legend: (Time is in decaauts)
 A = Elapsed time spent in this place.
 B = Non-inter-level travel time spent in this place.
 C = Inter-level travel time spent in this place.
 D = Time resting spent in this place.
 E = Time spent auto-exploring this place.
 F = Levels seen in this place.
 G = Mean time per level.
                   A        B        C        D        E       F      G
               +--------+--------+--------+--------+--------+-----+--------+
         Total |   6231 |   5445 |    786 |    238 |   3672 |  10 |  623.1 |
       Dungeon |   5568 |   4782 |    786 |    238 |   3572 |   7 |  795.4 |
        Temple |    101 |    101 |      0 |      0 |    100 |   1 |  101.0 |
         Sewer |    346 |    346 |      0 |      0 |      0 |   1 |  346.0 |
       Ossuary |    215 |    215 |      0 |      0 |      0 |   1 |  215.0 |
               +--------+--------+--------+--------+--------+-----+--------+

Top non-repeatable levels by time:
     D:5: 1345 daAuts
     D:2: 974 daAuts
     D:1: 924 daAuts
     D:3: 919 daAuts
     D:6: 833 daAuts
     D:4: 533 daAuts
   Sewer: 346 daAuts
 Ossuary: 215 daAuts
  Temple: 101 daAuts
     D:7: 36 daAuts
